Map: Lerilak Crest

Players

Jahni - Winner!

  • Race: Zerg Zerg
  • League: Diamond

LilDicky

  • Race: Terran Terran
  • League: Diamond

VOD

http://www.twitch.tv/tumescentpie

Description

Time

  • Played on: Dec. 25, 2015, 7:40 p.m.
  • Length: 5:15
Show
View Real Time Build Order
Export as new Build Order

Jahni Zerg - Winner!

Build Orders: Hatch First 

Get SALT Encoding   

  12  0:02  Drone  
  13  0:09  Drone  
  14  0:17  Overlord  
  14  0:36  Drone x3  
  17  0:54  Hatchery  
  16  1:00  Drone  
  17  1:04  Extractor  
  17  1:05  Drone  
  17  1:23  Drone x2  
  17  1:24  Spawning Pool  
  18  1:35  Overlord  
  18  2:10  Queen x2  
  18  2:12  Drone x4  
  18  2:15  Metabolic Boost  
  26  2:19  Zergling x2  
  27  2:26  Zergling x2  
  28  2:30  Zergling x2  
  28  2:34  Zergling x2  
  30  2:39  Drone  
  31  2:48  Drone  
  32  3:02  Drone x2, Overlord  
  32  3:05  Lair  
  33  3:13  Drone x2  
  35  3:21  Drone  
  35  3:22  Drone x5  
  35  3:23  Drone  
  42  3:27  Overlord  
  42  3:32  Drone  
  42  3:37  Drone  
  43  3:44  Extractor  
  43  3:45  Extractor  
  43  3:46  Queen  
  43  3:48  Overlord  
  43  3:58  Overlord  
  43  4:03  Roach Warren  
  40  4:15  Extractor  
  39  4:24  Overlord  
  39  4:42  Spore Crawler  
  40  4:47  Roach x11  
  40  4:50  Drone  
  65  4:55  Drone  
  65  4:58  Drone x2  
  68  5:00  Drone  
  68  5:02  Drone  
Show
View Real Time Build Order
Export as new Build Order

LilDicky Terran 

Build Orders:  

Get SALT Encoding   

  12  0:01  SCV  
  13  0:13  SCV  
  14  0:21  Supply Depot  
  14  0:25  SCV  
  15  0:43  SCV  
  15  0:45  Refinery  
  15  0:47  Barracks  
  16  0:55  SCV  
  17  1:07  SCV  
  18  1:19  SCV  
  20  1:34  Refinery  
  20  1:36  Orbital Command  
  20  1:37  Reaper  
  20  1:52  Command Center  
  20  2:07  Factory  
  20  2:12  Barracks Reactor  
  20  2:15  SCV  
  21  2:22  Supply Depot  
  21  2:27  SCV  
  22  2:39  SCV  
  23  2:59  Marine  
  23  3:00  Marine  
  25  3:17  Starport  
  25  3:27  SCV  
  25  3:29  Barracks Tech Lab  
  25  3:32  Armory  
  25  3:41  Hellion x2  
  26  4:01  Marine  
  27  4:03  Factory  
  27  4:06  Banshee  
  30  4:11  Hellion x2  
  34  4:19  Supply Depot  
  34  4:20  Orbital Command  
  34  4:21  SCV  
  35  4:25  Marine  
  36  4:33  SCV  
  37  4:41  Hellion  
  37  4:42  Orbital Command  
Tags
 
Add a new tag
Caveats
  • Supply blocks, unpowered buildings, or Contaminate may cause inaccurate times.
  • Supply counts are checked every 10 seconds.